Map: Lerilak Crest

Players

Croissants

  • Race: Terran Terran
  • League: Platinum

LilDicky - Winner!

  • Race: Terran Terran
  • League: Diamond

VOD

http://www.twitch.tv/tumescentpie

Description

Time

  • Played on: Dec. 8, 2015, 11:13 p.m.
  • Length: 11:10
Show
View Real Time Build Order
Export as new Build Order

Croissants Terran 

Build Orders:  

Get SALT Encoding   

  12  0:04  SCV  
  13  0:16  SCV  
  13  0:17  Supply Depot  
  14  0:27  Refinery  
  14  0:28  SCV  
  15  0:42  Barracks  
  15  0:45  SCV  
  16  0:57  SCV  
  17  1:09  SCV  
  18  1:21  SCV  
  19  1:30  Marine  
  20  1:34  Factory, Orbital Command  
  20  1:48  Marine  
  21  2:00  SCV  
  22  2:05  Command Center  
  22  2:12  Supply Depot  
  22  2:15  Barracks Tech Lab  
  22  2:17  SCV  
  23  2:29  Supply Depot  
  23  2:33  Widow Mine  
  23  2:34  SCV  
  25  2:48  Marine  
  25  2:49  SCV  
  27  2:51  Refinery  
  27  3:02  SCV  
  27  3:04  Starport  
  28  3:19  Orbital Command  
  27  3:39  Marine  
  27  3:40  Siege Tank  
  31  3:44  SCV  
  32  3:49  Medivac  
  32  3:55  SCV  
  34  3:57  Marine  
  35  4:07  SCV  
  36  4:12  SCV, Siege Tank  
  36  4:24  SCV  
  36  4:29  Medivac  
  36  4:30  Marine  
  40  4:36  SCV x2  
  42  4:40  Command Center  
  42  4:48  SCV  
  42  4:50  Refinery  
  42  4:52  Refinery  
  43  5:10  Siege Tank  
  43  5:11  Barracks Tech Lab  
  43  5:12  Starport Reactor  
  43  5:13  SCV  
  47  5:16  SCV  
  48  5:25  SCV  
  48  5:28  SCV  
  50  5:33  Barracks  
  50  5:35  Barracks  
  50  5:37  SCV  
  50  5:40  SCV  
  52  5:48  Marine  
  52  5:49  Viking  
  54  5:52  SCV x2, Viking  
  54  5:54  Orbital Command  
  55  6:04  SCV x2  
  55  6:05  Engineering Bay  
  55  6:08  Engineering Bay  
  55  6:10  Armory  
  55  6:11  Marine  
  48  6:29  Marine  
  48  6:32  Terran Infantry Weapons Level 1  
  47  6:34  Terran Infantry Armor Level 1  
  46  6:46  Marine  
  47  6:50  Orbital Command  
  47  6:55  Siege Tank  
  50  7:01  Terran Vehicle Weapons Level 1  
  50  7:04  Barracks Reactor, Marine, Orbital Command  
  50  7:05  Barracks Reactor  
  51  7:18  SCV  
  52  7:23  Refinery  
  52  7:27  Refinery  
  52  7:29  Refinery  
  52  7:32  Siege Tank  
  55  7:40  SCV x2  
  55  7:43  Refinery  
  57  7:47  Stimpack  
  57  7:52  SCV x2  
  59  8:03  SCV  
  59  8:04  SCV x2  
  62  8:08  Siege Tank  
  62  8:09  Marine x3  
  68  8:15  SCV  
  68  8:16  SCV x2  
  71  8:27  SCV, Factory  
  71  8:28  SCV  
  71  8:29  SCV, Factory  
  74  8:39  SCV  
  74  8:41  SCV x2  
  72  8:47  Siege Tank  
  74  8:51  SCV  
  74  8:53  SCV  
  68  9:12  Factory Tech Lab x2  
  68  9:27  Marine x2  
  68  9:29  Marine  
  62  9:33  Marine  
  62  9:37  Siege Tank  
  62  9:40  Missile Turret  
  62  9:44  Viking x2, Marauder  
  56  10:06  Marauder  
Show
View Real Time Build Order
Export as new Build Order

LilDicky Terran - Winner!

Build Orders:  

Get SALT Encoding   

  12  0:02  SCV  
  13  0:15  SCV  
  13  0:18  Supply Depot  
  14  0:27  SCV  
  15  0:33  Refinery  
  15  0:41  Barracks  
  15  0:45  SCV  
  16  1:00  SCV  
  17  1:13  SCV  
  18  1:28  Supply Depot  
  18  1:29  Reaper  
  18  1:31  Orbital Command  
  19  1:35  Refinery  
  19  1:54  Factory  
  19  2:03  SCV  
  19  2:04  Marine  
  21  2:15  SCV  
  22  2:32  Marine  
  23  2:38  SCV  
  24  2:45  Factory Tech Lab, Starport  
  24  2:50  Marine  
  26  2:51  SCV  
  25  3:04  Siege Tank  
  28  3:06  SCV  
  29  3:54  Starport Tech Lab  
  29  3:57  SCV  
  29  3:59  Marine  
  31  4:10  Command Center  
  31  4:15  Cloaking Field  
  31  4:16  SCV  
  31  4:24  Siege Tank  
  31  4:30  Banshee  
  31  4:38  Supply Depot  
  31  4:42  Command Center  
  31  4:44  Marine  
  31  4:55  SCV  
  31  4:56  Siege Tank  
  35  5:05  Supply Depot  
  35  5:07  SCV  
  35  5:11  Marine  
  37  5:19  Banshee, SCV  
  41  5:25  Factory  
  41  5:26  Orbital Command  
  41  5:29  Refinery  
  41  5:32  SCV  
  42  5:38  Siege Tank  
  42  5:42  Refinery  
  44  6:03  Orbital Command  
  43  6:06  Engineering Bay  
  40  6:28  Siege Tank  
  40  6:30  Hellion  
  44  6:35  Marine  
  41  6:46  Banshee  
  44  6:52  Marine  
  45  6:58  Widow Mine  
  47  7:01  Starport  
  47  7:02  Orbital Command  
  47  7:04  Starport, Missile Turret  
  47  7:08  SCV  
  48  7:19  SCV  
  49  7:23  Missile Turret  
  49  7:24  Missile Turret  
  48  7:43  Viking x3  
  54  7:46  SCV x3  
  57  7:54  Marine  
  57  7:56  Refinery  
  57  7:58  SCV  
  59  8:08  Siege Tank  
  59  8:10  Factory Reactor  
  59  8:12  Marine  
  63  8:30  Marine  
  64  8:44  Siege Tank  
  64  8:47  Marine  
  68  9:00  Banshee, Viking  
  73  9:05  Marine  
  73  9:08  Missile Turret  
  74  9:10  SCV x2, Missile Turret  
  74  9:12  Missile Turret x4, Widow Mine  
  74  9:16  Siege Tank  
  81  9:20  Orbital Command  
  81  9:23  Marine  
  67  9:48  Siege Tank  
  68  10:13  SCV x3  
  68  10:16  Hellion x2  
  68  10:20  Marine  
  68  10:25  SCV  
  68  10:37  Command Center  
  68  10:38  Siege Tank, Marine  
  68  10:39  Hellion x2  
  68  10:45  Orbital Command  
  68  10:50  Starport Reactor x2  
  68  10:53  Supply Depot x2  
  68  10:55  SCV  
  68  10:56  SCV  
Tags
 
Add a new tag
Caveats
  • Supply blocks, unpowered buildings, or Contaminate may cause inaccurate times.
  • Supply counts are checked every 10 seconds.